 Dungeon Crawl Stone Soup version 0.29.1-2-gbd0b4ee654 (webtiles) character file.

Game seed: 13949270330075849158

12379 Icepheonix32 the Changer (level 11, -14/106 HPs)
             Began as a Demigod Transmuter on Nov 9, 2022.
             Killed from afar by a gargoyle (24 damage)
             ... with a stone arrow
             ... on level 11 of the Dungeon.
             The game lasted 00:34:12 (13580 turns).

Icepheonix32 the Changer (Demigod Transmuter)      Turns: 13580, Time: 00:34:12

Health: -14/106    AC:  7    Str: 17    XL:     11   Next: 35%
Magic:  17/23      EV: 12    Int: 15    God:
Gold:   398        SH:  0    Dex: 18    Spells: 8/21 levels left

rFire   x . .      SeeInvis .     - Unarmed
rCold   + + +      Faith    .   (shield currently unavailable)
rNeg    . . .      Spirit   .   (body armour currently unavailable)
rPois   +          Reflect  .   (helmet currently unavailable)
rElec   .          Harm     .   (cloak currently unavailable)
rCorr   .          Rampage  .   (gloves currently unavailable)
Will    +....                   (boots currently unavailable)
Stlth   ++........              h - amulet of the acrobat
HPRegen 0.27/turn               v - ring of wizardry
MPRegen 0.18/turn               x - ring of protection from cold

@: ice-form, wereblooded
A: freezing attack, amphibious, boosted hp, large, high MP 1, forlorn, divine
attributes, (iridescent scales 1), (cold resistance 1), weak 1, (sturdy frame 1)
a: End Transformation


You were on level 11 of the Dungeon.
You were a creature of crystalline ice.
You visited 1 branch of the dungeon, and saw 11 of its levels.
You also visited: Ossuary.

You collected 733 gold pieces.
You spent 335 gold pieces at shops.

Inventory:

Hand Weapons
 p - the +3 whip of the Muttering Gods {vorpal, Int+3}
   (You found it on level 2 of the Dungeon)

   It inflicts extra damage upon your enemies.
   Int:       It affects your intelligence (+3).
 s - the +9 quarterstaff of Checkmate (melded) {protect, rPois rN+ Str+4}
   (You found it on level 3 of the Dungeon)

   It grants its wielder temporary protection when it strikes (+7 to AC).
   Str:       It affects your strength (+4).
   rPois:     It protects you from poison.
   rN:        It protects you from negative energy.
 Q - the +8 demon blade "Leech" {vamp, Harm Drain rN+}
   (You found it on level 10 of the Dungeon)

   It heals its wielder for a portion of the damage dealt every time it strikes
   a living foe.
   rN:        It protects you from negative energy.
   Drain:     It drains your maximum health when unequipped.
   Harm:      It increases damage dealt and taken.
Missiles
 d - 2 javelins
 l - a throwing net
 K - 3 curare-tipped darts
Armour
 a - a +0 robe
 b - a +0 scale mail of willpower
 n - a +1 leather armour of fire resistance (melded)
 L - a +0 pair of boots (melded)
 S - a +0 pair of gloves (melded)
Jewellery
 e - a ring of fire
 h - an amulet of the acrobat (around neck)
 t - a ring of poison resistance
 v - a ring of wizardry (left front paw)
 x - a ring of protection from cold (right front paw)
 J - a ring of flight
Wands
 c - a wand of digging (7)
 j - a wand of iceblast (13)
 B - a wand of paralysis (5)
 D - a wand of polymorph (5)
Scrolls
 f - a scroll of butterflies
 i - a scroll of fear
 k - 8 scrolls of teleportation
 r - 2 scrolls of immolation
 y - a scroll of enchant weapon
 A - a scroll of enchant armour
 C - 3 scrolls of vulnerability
 E - 2 scrolls of magic mapping
 G - a scroll of poison
 I - 2 scrolls of torment
 M - a scroll of blinking {unknown}
 O - a scroll of identify
Potions
 g - 2 potions of flight
 m - a potion of resistance
 o - 7 potions of curing
 q - 2 potions of mutation
 u - 3 potions of heal wounds
 w - a potion of brilliance
 z - 5 potions of haste
 F - a potion of attraction
 H - a potion of cancellation
 N - a potion of invisibility
 P - a potion of might {unknown}
 R - 2 potions of degeneration {unknown}


   Skills:
 * Level 5.7 Fighting
 - Level 5.4 Staves
 + Level 0.4 Throwing
 * Level 4.9 Armour
 + Level 5.1 Dodging
 + Level 2.3 Stealth
 - Level 6.0 Unarmed Combat
 + Level 5.9 Spellcasting
 + Level 0.8 Conjurations
 * Level 7.9 Transmutations
 - Level 4.6 Ice Magic
 + Level 2.4 Air Magic
 + Level 3.5 Poison Magic


You had 8 spell levels left.
You knew the following spells:

 Your Spells              Type           Power      Damage    Failure   Level
a - Beastly Appendage     Tmut           56%        N/A       1%          1
b - Spider Form           Tmut/Pois      21%        N/A       1%          3
c - Mephitic Cloud        Conj/Pois/Air  11%        N/A       7%          3
d - Wereblood             Tmut           28%        N/A       1%          2
e - Ice Form              Ice/Tmut       23%        N/A       4%          4

Your spell library contained the following spells:

 Spells                   Type           Power      Damage    Failure   Level
 Magic Dart               Conj           24%        1d4       4%          1
 Static Discharge         Conj/Air       9%         3-5/arc   4%          2
 Searing Ray              Conj           12%        2d4       6%          2
 Blink                    Tloc           8%         N/A       9%          2
 Call Imp                 Summ           4%         N/A       9%          2
 Lesser Beckoning         Tloc           4%         N/A       17%         3
 Fulminant Prism          Conj/Hex       2%         3d6       43%         4
 Sticky Flame             Conj/Fire      5%         2d3       43%         4
 Dispel Undead            Necr           4%         3d7       50%         4
 Manifold Assault         Tloc           4%         N/A       82%         5


Dungeon Overview and Level Annotations

Branches:
Dungeon (11/15)            Temple (0/1) D:7            Lair (0/5) D:8
    Orc (0/2) D:9         Ossuary (visited)

Shops:
D:9 *

Annotations:
D:10 2 transporters, qeuew's ghost, journeyman GnFi


Innate Abilities, Weirdness & Mutations

You are a creature of crystalline ice.
You have a powerful freezing melee attack.
You are amphibious.
Your maximum health is increased.
Your armour is entirely melded.
You are incapable of wielding weapons or throwing items.
You have an increased reservoir of magic. (+10% MP)
You shall have no god before yourself.
Your divine heritage dramatically boosts your attributes as you level up.
((You are partially covered in iridescent scales. (AC +2)))
((Your flesh is cold resistant. (rC+)))
You are weak. (Str -2)
((Your movements are slightly less encumbered by armour. (ER -2)))


Message History

The gargoyle is lightly damaged.
The boulder beetle hits you!!
* * * LOW HITPOINT WARNING * * *
The boulder beetle stops rolling and uncurls.
You feel much better.
The gargoyle hurls a stone arrow at you.
The stone arrow hits you!!
* * * LOW HITPOINT WARNING * * *
The boulder beetle leaps!
You feel much better.
You howl as the wereblood boils in your veins!
The gargoyle hits you with a +0 morningstar!
* * * LOW HITPOINT WARNING * * *
The boulder beetle leaps!
You hit the gargoyle but do no damage.
The gargoyle is lightly damaged.
You feel a bit more experienced. The gargoyle closely misses you.
Unknown command.
You hit the gargoyle. You freeze the gargoyle.
The gargoyle is lightly damaged.
The gargoyle hits you with a +0 morningstar!
* * * LOW HITPOINT WARNING * * *
Unknown command.
You feel much better.
You howl as the wereblood boils in your veins!
The gargoyle closely misses you.
You hit the gargoyle. You freeze the gargoyle.
The gargoyle is moderately damaged.
The gargoyle hits you with a +0 morningstar!!
* * * LOW HITPOINT WARNING * * *
You hit the gargoyle but do no damage.
The gargoyle is moderately damaged.
The gargoyle hits you with a +0 morningstar!
* * * LOW HITPOINT WARNING * * *
Unknown command.
You punch the gargoyle! You freeze the gargoyle.
The gargoyle is severely damaged.
The gargoyle hurls a stone arrow at you.
The stone arrow hits you!!
You die...

# #..# #.#####.#######
########>.### #.#######
...<.##.....#######........
.#####..≈≈§..#.......######
.# #.≈≈§§≈.######.## .#
#§≈§≈§≈.# #.#
.#####.§≈≈§≈.# #.#
.....#..≈≈≈..######.#
..####⌠.....⌠#.9Y...# .^#
##########.###.#
..####..... #.# #.#
........... #.###..
.#####.....####..###### .#
#................. .#
##..#.......###### .# #
#.......# .#######
##.....##


You could see a gargoyle.

Vanquished Creatures
  A boulder beetle (D:11)
  A manticore (D:10)
  Joseph (D:8)
  Psyche (D:9)
  2 kobold demonologists (D:11)
  2 trolls
  Grinder (D:5)
  Sigmund (D:6)
  A shadow (D:9)
  15 yaks
  Eustachio (D:5)
  2 wyverns
  Grum (D:8)
  2 steam dragons
  2 wargs
  Duvessa (D:5)
  4 water moccasins
  2 ice beasts
  7 orc warriors
  A black bear (D:8)
  A sky beast (D:8)
  4 wolves (D:8)
  2 ogres
  2 centaurs
  A phantom (D:4)
  4 elf zombies (Ossuary)
  2 bullfrogs
  5 kobold brigands
  A gnoll sergeant (D:10)
  2 necrophages
  19 wights
  Dowan (D:5)
  7 killer bees
  3 electric eels (D:10)
  2 howler monkeys (D:6)
  3 human zombies (Ossuary)
  5 centaur zombies (Ossuary)
  A gnoll bouda (D:6)
  2 hounds
  3 jellies
  9 orc priests
  4 iguanas (D:6)
  Ijyb (D:3)
  20 orc wizards
  3 mummies (Ossuary)
  6 adders
  8 gnolls
  A shadow imp (D:7)
  An ufetubus (D:5)
  3 dart slugs
  37 orcs
  5 bats
  6 endoplasms
  2 giant cockroaches
  9 goblins
  13 hobgoblins
  3 jackals (D:2)
  2 quokkas (D:3)
  6 ball pythons
  4 frilled lizards
  23 kobolds
  4 rats
289 creatures vanquished.

Vanquished Creatures (collateral kills)
  A killer bee (D:8)
1 creature vanquished.

Vanquished Creatures (others)
  A wight (D:8)
  6 plants (D:8)
7 creatures vanquished.

Grand Total: 297 creatures vanquished

Notes
Turn   | Place    | Note
-------+----------+-------------------------------------------
     0 | D:1      | Icepheonix32 the Demigod Transmuter began the quest for the
                  | Orb.
     0 | D:1      | Reached XP level 1. HP: 15/15 MP: 5/5
   292 | D:1      | Reached skill level 2 in Transmutations
   589 | D:1      | Reached XP level 2. HP: 19/22 MP: 5/7
  1543 | D:2      | Identified the +3 whip of the Muttering Gods {vorpal,
                  | Int+3}
  1553 | D:2      | You fall into a shaft and drop 1 floor!
  1562 | D:3      | Noticed Ijyb
  1568 | D:3      | Reached XP level 3. HP: 26/27 MP: 6/8
  1594 | D:3      | Killed Ijyb
  2725 | D:3      | Identified the +9 quarterstaff of Checkmate {protect, rPois
                  | rN+ Str+4}
  2891 | D:3      | Reached XP level 4. HP: 34/34 MP: 8/10
  3288 | D:3      | Learned a level 3 spell: Spider Form
  3292 | D:3      | Learned a level 3 spell: Mephitic Cloud
  3803 | D:4      | Noticed a phantom
  3812 | D:4      | Killed a phantom
  3813 | D:4      | Reached skill level 1 in Fighting
  3813 | D:4      | Reached skill level 3 in Transmutations
  3813 | D:4      | Reached skill level 1 in Poison Magic
  3813 | D:4      | Reached XP level 5. HP: 37/40 MP: 11/11
  4562 | D:5      | Entered Level 5 of the Dungeon
  4572 | D:5      | Noticed a water moccasin
  4579 | D:5      | Killed a water moccasin
  4580 | D:5      | Reached skill level 1 in Staves
  4714 | D:5      | Noticed Eustachio
  4726 | D:5      | Killed Eustachio
  4727 | D:5      | Reached skill level 1 in Armour
  4727 | D:5      | Reached XP level 6. HP: 27/47 MP: 13/13
  4882 | D:5      | Learned a level 2 spell: Wereblood
  4935 | D:5      | Noticed Grinder
  4941 | D:5      | Paralysed by Grinder for 4 turns
  4952 | D:5      | Paralysed by Grinder for 3 turns
  4958 | D:5      | Killed Grinder
  4959 | D:5      | Reached XP level 7. HP: 16/52 MP: 12/14
  5172 | D:5      | Noticed Duvessa
  5172 | D:5      | Noticed Dowan
  5180 | D:5      | Killed Duvessa
  5181 | D:5      | Reached skill level 1 in Air Magic
  5184 | D:5      | Killed Dowan
  5387 | D:5      | Reached skill level 4 in Transmutations
  5804 | D:5      | Reached XP level 8. HP: 45/59 MP: 15/15
  5999 | D:6      | Found a sand-covered staircase.
  6018 | Ossuary  | Entered an ossuary
  6129 | Ossuary  | Reached skill level 5 in Unarmed Combat
  6143 | Ossuary  | Reached skill level 1 in Stealth
  6482 | D:6      | Learned a level 4 spell: Ice Form
  6630 | D:6      | Reached skill level 1 in Ice Magic
  6887 | D:6      | Reached skill level 5 in Transmutations
  6887 | D:6      | Reached XP level 9. HP: 27/68 MP: 13/17
  7235 | D:6      | Noticed Sigmund
  7241 | D:6      | Killed Sigmund
  7602 | D:7      | Found a staircase to the Ecumenical Temple.
  7962 | D:7      | Reached skill level 6 in Transmutations
  8274 | D:7      | Gained mutation: You are agile. (Dex +4, Str/Int -1)
                  | [potion of mutation]
  8274 | D:7      | Gained mutation: You occasionally lose the ability to read
                  | scrolls when taking damage. [potion of mutation]
  8275 | D:7      | Lost mutation: You occasionally lose the ability to read
                  | scrolls when taking damage. [potion of mutation]
  8275 | D:7      | Lost mutation: You are agile. (Dex +4, Str/Int -1) [potion
                  | of mutation]
  8275 | D:7      | Gained mutation: Your flesh is cold resistant. (rC+)
                  | [potion of mutation]
  8275 | D:7      | Gained mutation: Your movements are slightly less
                  | encumbered by armour. (ER -2) [potion of mutation]
  8275 | D:7      | Gained mutation: You are weak. (Str -2) [potion of
                  | mutation]
  8275 | D:7      | Gained mutation: You are partially covered in iridescent
                  | scales. (AC +2) [potion of mutation]
  8450 | D:8      | Noticed Joseph
  8458 | D:8      | Killed Joseph
  9023 | D:8      | Found a staircase to the Lair.
  9040 | D:8      | Reached XP level 10. HP: 64/77 MP: 18/20
  9327 | D:8      | Noticed Grum
  9352 | D:8      | Killed Grum
  9820 | D:9      | Found Inwu's Assorted Antiques.
  9838 | D:8      | Reached skill level 7 in Transmutations
 10323 | D:9      | Bought a potion of heal wounds for 130 gold pieces
 10323 | D:9      | Bought a wooden wand for 104 gold pieces
 10323 | D:9      | Bought a purple potion for 23 gold pieces
 10323 | D:9      | Bought a potion of curing for 78 gold pieces
 10605 | D:9      | Found a staircase to the Orcish Mines.
 10619 | D:9      | Noticed Psyche
 10631 | D:9      | Reached skill level 5 in Fighting
 10638 | D:9      | Killed Psyche
 10718 | D:9      | Reached skill level 5 in Spellcasting
 11664 | D:10     | Entered Level 10 of the Dungeon
 12128 | D:10     | Found a transporter.
 12132 | D:10     | Noticed qeuew's ghost (journeyman GnFi)
 12139 | D:10     | Noticed a two-headed ogre
 12171 | D:10     | Found a transporter.
 12185 | D:10     | Reached XP level 11. HP: 74/88 MP: 23/23
 12651 | D:10     | Reached skill level 5 in Dodging
 12671 | D:10     | Found the +8 demon blade "Leech" {vamp, Harm Drain rN+}
 12714 | D:10     | Identified the +8 dagger "Teat" {pain, Fly Str+2}
 12768 | D:10     | Reached skill level 5 in Staves
 13400 | D:11     | Noticed a sixfirhy
 13459 | D:11     | Found Duohouno's Antique Weapon Boutique.
 13546 | D:11     | Noticed a boulder beetle
 13575 | D:11     | Killed a boulder beetle
 13580 | D:11     | Killed from afar by a gargoyle

Illustrated notes

Levels and vault maps discovered:
D:1:      scummos_arrival_checkerplants, layout_loops_ring,
          ebering_ecumenical_altar_webs
D:2:      layout_loops_ring, bh_walls_and_bars
D:3:      layout_basic, kennysheep_cross_bottleneck, uniq_ijyb
D:4:      layout_layer_cave, minmay_goblin_kobold_house
D:5:      layout_basic, tso_altar, uniq_grinder, uniq_duvessa, uniq_eustachio
D:6:      layout_basic, elyvilon_altar_4, enter_ossuary_1, uniq_sigmund
D:7:      layout_loops_ring, temple_statues
D:8:      layout_gridville, nicolae_overflow_squiral, erik_lair_orcish_takeover,
          nicolae_zen_rock_garden, uniq_joseph, uniq_grum
D:9:      layout_loops_corners, vehumet_crystals, zin_scriptorium, orc_0_dummy,
          nicolae_stop_n_shop_1, uniq_psyche
D:10:     layout_basic, nzn_ghost_randoct, grunt_ministairs_2
D:11:     minmay_curly_fans, layout_loops_ring, serial_shops,
          nicolae_lakefront_shop

Skill      XL: |  1  2  3  4  5  6  7  8  9 10 11 |
---------------+----------------------------------+-----
Spellcasting   | 2 3 4 5 |  5.9
Transmutations | 2 3 4 5 6 7 |  7.9
Unarmed Combat | 3 4 5 6 |  6.0
Dodging        | 2 3 4 5 |  5.1
Fighting       | 1 2 3 5 |  5.7
Poison Magic   | 1 2 3 |  3.5
Staves         | 1 2 3 4 5 |  5.4
Armour         | 1 2 4 |  4.9
Air Magic      | 2 |  2.4
Stealth        | 1 2 |  2.3
Ice Magic      | 1 2 4 |  4.6
Throwing       | |  0.4
Conjurations   | |  0.8

Action                   |  1- 3 |  4- 6 |  7- 9 | 10-12 || total
-------------------------+-------+-------+-------+-------++-------
Melee: Unarmed           |   137 |       |     9 |    21 ||   167
       Kick              |    24 |     7 |    74 |    78 ||   183
       Headbutt          |    13 |     7 |    42 |    37 ||    99
       Punch             |     1 |       |       |       ||     1
       Quarterstaff      |     9 |    52 |   271 |   285 ||   617
Throw: Dart              |       |       |     1 |     2 ||     3
       Javelin           |       |       |       |     1 ||     1
 Cast: Beastly Appendage |    30 |    14 |    38 |    25 ||   107
       Wereblood         |       |       |     7 |    16 ||    23
       Mephitic Cloud    |       |       |     3 |     8 ||    11
       Spider Form       |       |       |     1 |     2 ||     3
       Ice Form          |       |       |     1 |     1 ||     2
Evoke: Wand              |       |       |       |     7 ||     7
  Use: Scroll            |     7 |     7 |     5 |     1 ||    20
       Potion            |     2 |     3 |     2 |     5 ||    12
 Stab: Confused          |       |       |     1 |     2 ||     3
       Sleeping          |       |       |     1 |       ||     1
Armor: Robe              |    28 |       |       |       ||    28
       Skin              |    10 |       |       |    20 ||    30
       Leather armour    |     9 |    19 |    92 |    80 ||   200
Dodge: Dodged            |   107 |    39 |   201 |   229 ||   576
